Map: Lightshade LE

Players

Kas

  • Race: Terran Terran
  • League: Grandmaster

MarineLorD - Winner!

  • Race: Terran Terran
  • League: Master

Event: DreamHack SC2 Masters 2021 Summer

VOD

Have the link to the VOD?

Description

Time

  • Played on: May 23, 2021, 11:37 a.m.
  • Length: 13:42

All games in this series

Show
View Real Time Build Order
Export as new Build Order

Kas Terran 

Build Orders:  

Get SALT Encoding   

  12  0:00  SCV  
  13  0:12  SCV  
  14  0:17  Supply Depot  
  14  0:24  SCV  
  15  0:38  SCV  
  15  0:39  Barracks  
  16  0:43  Refinery  
  16  0:50  SCV  
  16  0:52  Refinery  
  17  1:02  SCV  
  18  1:15  SCV  
  19  1:26  Reaper  
  19  1:27  Orbital Command  
  19  1:28  Supply Depot  
  20  1:42  Factory  
  20  1:53  SCV  
  21  1:58  Reaper  
  22  2:05  SCV  
  23  2:17  SCV  
  24  2:24  Command Center  
  24  2:29  Hellion  
  25  2:32  Barracks Reactor  
  25  2:35  SCV  
  26  2:48  Supply Depot  
  26  2:49  SCV  
  27  2:52  Factory Tech Lab  
  27  3:01  SCV  
  27  3:03  Starport  
  28  3:09  Marine x2  
  30  3:16  Cyclone  
  33  3:20  SCV  
  33  3:27  Marine  
  34  3:29  Marine  
  34  3:32  SCV  
  37  3:40  Starport Tech Lab  
  37  3:44  SCV, Marine  
  37  3:45  Refinery  
  37  3:47  Marine  
  40  3:50  Orbital Command  
  40  3:57  Siege Tank  
  40  4:01  SCV  
  40  4:02  Marine  
  45  4:05  Raven  
  45  4:09  Marine  
  48  4:13  SCV  
  48  4:15  SCV  
  50  4:17  Supply Depot  
  50  4:25  SCV  
  50  4:26  Marine x2  
  50  4:27  SCV  
  54  4:39  SCV x2, Siege Tank  
  59  4:46  Supply Depot  
  59  4:51  SCV, Raven  
  62  4:59  Command Center  
  62  5:03  Supply Depot  
  62  5:07  SCV x2  
  64  5:14  Refinery  
  64  5:15  Siege Tank  
  64  5:20  SCV  
  68  5:21  Marine x2  
  68  5:25  SCV  
  71  5:28  Supply Depot  
  71  5:32  SCV  
  71  5:34  Supply Depot  
  72  5:37  SCV  
  73  5:44  SCV  
  73  5:47  Siege Tank  
  73  5:49  SCV  
  78  5:50  Viking  
  78  5:51  Viking  
  78  5:54  Marine  
  78  5:56  SCV  
  84  6:00  Stimpack  
  84  6:01  SCV  
  85  6:08  SCV  
  86  6:11  Orbital Command  
  86  6:12  Marine  
  86  6:13  SCV  
  86  6:14  Supply Depot  
  88  6:20  Viking  
  89  6:26  Siege Tank  
  89  6:29  Orbital Command  
  89  6:31  Marine, Viking  
  89  6:32  SCV  
  95  6:33  SCV  
  96  6:41  Barracks  
  96  6:42  Barracks  
  96  6:44  SCV  
  96  6:45  SCV  
  98  6:49  Marine  
  98  6:51  Viking  
  101  6:54  Supply Depot  
  101  6:55  SCV  
  101  6:56  SCV  
  101  6:57  SCV  
  102  7:02  Siege Tank  
  102  7:07  SCV  
  106  7:08  SCV  
  106  7:09  SCV  
  106  7:12  Marine  
  106  7:14  Viking  
  111  7:17  Engineering Bay  
  111  7:19  SCV, Engineering Bay  
  111  7:20  SCV  
  111  7:21  SCV, Barracks x2  
  114  7:24  Viking  
  116  7:31  SCV  
  116  7:32  SCV  
  116  7:35  Refinery  
  116  7:36  Refinery, Supply Depot x2  
  116  7:37  SCV  
  120  7:38  Barracks Reactor  
  120  7:40  Combat Shield  
  120  7:42  Barracks Reactor  
  120  7:43  SCV  
  120  7:44  Viking  
  120  7:46  SCV  
  120  7:48  Marine  
  120  7:49  SCV  
  125  7:57  SCV, Terran Infantry Weapons Level 1, Terran Infantry Armor Level 1  
  127  7:58  SCV, Siege Tank  
  127  8:03  Medivac  
  132  8:06  Marine  
  132  8:09  Barracks Reactor  
  132  8:10  SCV  
  132  8:12  SCV  
  135  8:14  Medivac  
  137  8:21  Barracks Reactor, SCV  
  137  8:22  Marine x3  
  137  8:26  Command Center  
  141  8:37  Supply Depot  
  141  8:38  Supply Depot  
  141  8:39  Marine x4  
  141  8:40  SCV x3, Marine, Supply Depot  
  149  8:42  Supply Depot  
  149  8:58  Factory, Marine x4, Supply Depot  
  149  8:59  SCV, Marine, Medivac x2, Siege Tank  
  149  9:00  Armory  
  163  9:04  Marine x2  
  163  9:07  Marine  
  163  9:09  SCV x2  
  167  9:12  SCV  
  167  9:14  Barracks Reactor  
  167  9:16  Marine  
  161  9:31  Marine x2  
  161  9:32  Marine  
  161  9:34  Marine x5  
  161  9:35  Medivac, Siege Tank  
  161  9:36  Medivac  
  174  9:39  Planetary Fortress  
  174  9:41  SCV x2  
  174  9:43  SCV  
  177  9:46  Starport  
  177  9:47  Starport  
  177  9:49  Marine x3  
  177  9:52  Marine x2, Missile Turret  
  182  9:53  Missile Turret, Siege Tank  
  182  9:55  Marine x2  
  182  9:56  Marine  
  182  9:59  Marine x2  
  190  10:04  Missile Turret  
  190  10:07  Marine x3  
  190  10:10  Marine x2  
  190  10:13  Marine  
  196  10:26  Marine x2  
  195  10:50  Starport Tech Lab x2, Siege Tank  
  195  10:51  Marine  
  195  10:53  Terran Infantry Weapons Level 2  
  195  10:54  Terran Infantry Armor Level 2  
  195  10:55  Barracks  
  195  10:56  Barracks x2  
  197  11:04  Command Center  
  197  11:11  Raven  
  197  11:12  Corvid Reactor  
  197  11:17  Refinery x2  
  197  11:43  Barracks Reactor x3  
  197  11:44  Raven  
  188  11:54  Command Center  
  188  11:57  Siege Tank x2  
  173  12:01  Marine  
  173  12:06  Marine x3  
  170  12:10  Marine x6  
  170  12:11  Viking x2  
  134  12:19  Marine x5  
  134  12:20  Raven  
  134  12:21  Marine  
  134  12:23  Marine x2  
  134  12:24  Marine x2  
  134  12:28  Marine x6  
  144  12:35  Raven  
  144  12:36  Marine, Siege Tank  
  144  12:37  Marine x4  
  135  12:38  Marine  
  135  12:39  Orbital Command  
  135  12:40  Marine  
  135  12:41  Marine x3  
  141  12:46  Marine x6  
  143  12:54  Marine x4  
  143  12:55  Marine  
  148  13:05  Marine x7  
  148  13:07  Supply Depot x2  
  148  13:09  Supply Depot x2  
  148  13:11  Orbital Command  
  155  13:22  Marine  
Show
View Real Time Build Order
Export as new Build Order

MarineLorD Terran - Winner!

Build Orders: Cyclone Opening 

Get SALT Encoding   

  12  0:00  SCV  
  13  0:12  SCV  
  14  0:16  Supply Depot  
  14  0:24  SCV  
  15  0:38  SCV  
  15  0:41  Barracks  
  15  0:42  Refinery  
  16  0:50  SCV  
  16  0:52  Refinery  
  17  1:02  SCV  
  18  1:14  SCV  
  19  1:27  Reaper, Orbital Command  
  19  1:29  Supply Depot  
  20  1:43  Factory  
  20  1:53  SCV  
  21  1:59  Reaper  
  22  2:05  SCV  
  23  2:17  SCV  
  23  2:22  Command Center  
  24  2:29  SCV, Factory Tech Lab  
  25  2:33  Barracks Reactor  
  25  2:41  SCV  
  25  2:46  Supply Depot  
  25  2:48  Cyclone  
  28  2:53  SCV  
  28  2:57  Starport  
  29  3:06  SCV  
  29  3:09  Marine  
  29  3:10  Marine  
  31  3:24  SCV  
  31  3:26  Cyclone  
  35  3:30  Marine x2  
  37  3:36  Starport Tech Lab, SCV  
  37  3:41  Refinery  
  38  3:42  Supply Depot  
  38  3:49  SCV  
  39  4:04  SCV, Raven  
  39  4:09  Marine x2  
  44  4:10  Orbital Command  
  44  4:16  SCV  
  45  4:19  Siege Tank  
  48  4:27  Marine x2  
  48  4:28  SCV  
  51  4:37  SCV  
  52  4:40  SCV  
  52  4:43  Command Center  
  52  4:44  Supply Depot  
  53  4:49  SCV, Raven  
  56  4:56  Siege Tank  
  56  4:57  SCV  
  60  5:01  SCV  
  60  5:04  Supply Depot  
  61  5:09  SCV  
  61  5:10  Marine  
  61  5:11  Marine  
  61  5:13  SCV  
  65  5:15  Supply Depot  
  65  5:21  SCV  
  65  5:25  SCV  
  65  5:28  Siege Tank  
  70  5:31  Refinery, Supply Depot  
  70  5:36  SCV  
  70  5:37  SCV  
  72  5:48  SCV  
  72  5:49  SCV, Viking x2  
  78  5:50  Marine, Stimpack  
  79  5:59  Supply Depot  
  79  6:00  SCV  
  79  6:04  Siege Tank  
  84  6:05  Orbital Command  
  84  6:07  SCV  
  84  6:12  SCV  
  84  6:19  Viking x2  
  84  6:20  Marine  
  84  6:24  SCV  
  56  6:32  Orbital Command  
  87  6:36  Siege Tank  
  87  6:37  Barracks  
  87  6:39  Barracks  
  90  6:42  SCV  
  90  6:46  SCV  
  92  6:49  Viking x2  
  92  6:52  Engineering Bay x2  
  96  6:54  SCV  
  96  6:58  SCV  
  97  7:03  SCV  
  97  7:06  SCV  
  99  7:10  SCV  
  99  7:15  SCV  
  101  7:16  Marine  
  101  7:17  Siege Tank  
  101  7:19  SCV, Viking  
  101  7:20  Viking  
  101  7:22  SCV  
  111  7:27  SCV  
  108  7:31  SCV, Supply Depot  
  108  7:32  Terran Infantry Armor Level 1, Terran Infantry Weapons Level 1  
  108  7:35  Refinery  
  108  7:36  Refinery  
  109  7:38  SCV  
  109  7:43  SCV  
  111  7:45  Sensor Tower  
  111  7:46  Barracks Reactor x2  
  111  7:47  Marine, Combat Shield  
  112  7:59  Barracks  
  112  8:00  Barracks  
  112  8:02  Supply Depot  
  112  8:03  SCV x2  
  112  8:04  Marine  
  112  8:05  Supply Depot  
  115  8:09  Supply Depot  
  113  8:22  Marine, Siege Tank  
  113  8:23  Marine x4, Command Center, Medivac x2  
  125  8:32  Armory  
  125  8:33  Supply Depot  
  125  8:39  SCV x2  
  125  8:40  Marine  
  125  8:41  Marine x2  
  128  8:42  Marine x2  
  128  8:44  Supply Depot  
  132  8:49  SCV  
  132  8:50  Missile Turret  
  132  8:51  SCV  
  132  8:53  Barracks Reactor x2, Viking x2  
  138  8:58  Marine  
  138  8:59  Marine x2, Supply Depot  
  138  9:00  Marine x2  
  141  9:03  Siege Tank  
  141  9:08  Factory  
  144  9:16  Marine  
  144  9:17  Marine x2  
  145  9:18  Marine x2  
  140  9:25  Viking  
  140  9:29  Marine x2  
  142  9:32  Marine  
  142  9:34  Marine x3  
  142  9:35  Viking  
  142  9:36  Marine  
  147  9:40  SCV x3  
  147  9:41  Terran Infantry Armor Level 2, Terran Infantry Weapons Level 2, Terran Vehicle Weapons Level 1  
  147  9:43  Marine  
  147  9:45  Marine  
  150  9:54  Marine  
  150  9:55  Marine  
  150  9:57  Marine x2  
  150  9:59  Marine x3  
  156  10:00  Marine  
  156  10:03  SCV x2  
  156  10:04  Marine  
  160  10:08  Refinery, Siege Tank  
  160  10:09  Factory Tech Lab, Viking  
  160  10:10  Viking  
  160  10:12  Refinery, Marine x2, Sensor Tower  
  169  10:14  Starport  
  169  10:15  Marine x2  
  169  10:17  Marine  
  169  10:18  Starport  
  168  10:30  Marine x2  
  168  10:31  Marine x3  
  168  10:32  Planetary Fortress  
  168  10:33  SCV x2  
  168  10:34  SCV  
  173  10:49  Marine x2  
  174  10:53  Marine x3  
  177  11:00  Starport Tech Lab x2  
  177  11:03  Siege Tank  
  185  11:12  Siege Tank  
  185  11:13  Viking x2  
  187  11:22  Missile Turret  
  187  11:23  Missile Turret  
  187  11:24  Armory  
  187  11:25  Supply Depot  
  187  11:27  Supply Depot  
  186  11:39  Raven, Corvid Reactor  
  188  11:47  Barracks x2, Raven, Siege Tank  
  188  11:49  Barracks  
  191  12:03  Marine x2  
  191  12:04  Marine x4, Siege Tank  
  195  12:11  Marine x2  
  195  12:13  Marine  
  180  12:20  Viking x2  
  180  12:21  Marine x4, Siege Tank  
  180  12:22  Marine x2  
  177  12:29  Marine  
  177  12:37  Siege Tank  
  181  12:39  Command Center  
  181  12:41  Marine x2  
  181  12:45  Raven  
  181  13:11  Command Center  
  181  13:16  Marine  
  181  13:18  Marine x3  
Tags
 
Add a new tag
Caveats
  • Supply blocks, unpowered buildings, or Contaminate may cause inaccurate times.
  • Supply counts are checked every 10 seconds.